 Dungeon Crawl Stone Soup version 0.26.1-11-gd32895ea62 (webtiles) character file.

Game seed: 17144505813604909724

213 nomophobia the Bolt Thrower (level 6, 0/36 HPs)
             Began as a Kobold Hunter on May 17, 2021.
             Was an Initiate of Gozag.
             Succumbed to an adder's poison
             ... on level 3 of the Dungeon.
             The game lasted 00:29:47 (1899 turns).

nomophobia the Bolt Thrower (Kobold Hunter)         Turns: 1899, Time: 00:29:48

Health: 0/36       AC:  5    Str:  9    XL:     6   Next: 14%
Magic:  6/6        EV: 15    Int: 12    God:    Gozag
Gold:   41         SH:  0    Dex: 18    Spells: 5/5 levels left

rFire    . . .     SeeInvis .   b - +0 short sword
rCold    . . .     Faith    .   (shield restricted)
rNeg     . . .     Spirit   .   c - +0 leather armour
rPois    .         Reflect  .   i - +0 helmet
rElec    .         Harm     .   (no cloak)
rCorr    .         Rampage  .   k - +0 pair of gloves
Will     .....                  (no boots)
Stlth    +++.......             (no amulet)
HPRegen  0.12/turn              (no ring)
MPRegen  0.10/turn              (no ring)

@: lethally poisoned (0 -> -4), attractive
A: small, nightstalker 3
a: Renounce Religion, Potion Petition, Call Merchant, Bribe Branch


You were on level 3 of the Dungeon.
You worshipped Gozag.
Gozag was noncommittal.
You visited 1 branch of the dungeon, and saw 3 of its levels.

You collected 55 gold pieces.
You paid 14 gold pieces to Gozag.

Inventory:

Hand Weapons
 a - a +1 hand crossbow
 b - a +0 short sword (weapon)
Missiles
 d - 32 bolts
 e - 20 poisoned darts (quivered)
Armour
 c - a +0 leather armour (worn)
 i - a +0 helmet (worn)
 k - a +0 pair of gloves (worn)
Scrolls
 f - a scroll of amnesia {unknown}
 g - 3 scrolls of teleportation {unknown}
 h - a scroll of fear {unknown}
 l - a scroll of blinking {unknown}


   Skills:
 + Level 2.7 Fighting
 + Level 2.4 Short Blades
 + Level 6.6 Crossbows
 + Level 1.1 Armour
 + Level 2.8 Dodging
 * Level 3.4 Stealth


You had 5 spell levels left.
You didn't know any spells.
Your spell library was empty.

Dungeon Overview and Level Annotations

Branches:
Dungeon (3/15)

Altars:
Gozag


Innate Abilities, Weirdness & Mutations

You are small and have problems with some larger weapons.
You are completely attuned to the shadows.


Message History

* * * LOW HITPOINT WARNING * * *
You feel sick. The adder misses you.
You completely miss the adder.
The adder is heavily wounded.
* * * LOW HITPOINT WARNING * * *
You feel sick. The adder bites you but does no damage. The adder misses you.
You hit the adder but do no damage.
The adder is heavily wounded.
The adder closely misses you.
Your leather armour prevents you from hitting the adder.
The adder is heavily wounded.
* * * LOW HITPOINT WARNING * * *
You feel sick. The adder misses you.
You hit the adder.
The adder is severely wounded.
The adder bites you but does no damage. The adder misses you.
You hit the adder.
The adder is almost dead.
You die...
Your body crumbles into a pile of gold.

#######..≈≈
....#...≈.≈≈
.........≈≈≈
........<..≈≈
..........≈≈≈
...........≈≈
.........≈.≈≈
...S.......≈≈
...$@.....≈
...$$.....≈
.....#....
(..####.# ...
..


You could see an adder.

Vanquished Creatures
  Sigmund (D:2)
  2 adders
  An ooze (D:1)
  2 worms (D:2)
  An orc (D:3)
  5 bats
  2 giant cockroaches
  3 goblins (D:1)
  3 hobgoblins
  4 jackals (D:1)
  7 kobolds (D:1)
  A frilled lizard (D:1)
  A leopard gecko zombie (D:3)
  4 rats (D:1)
37 creatures vanquished.

Vanquished Creatures (others)
  3 plants (D:2)
3 creatures vanquished.

Grand Total: 40 creatures vanquished

Notes
Turn   | Place    | Note
-------+----------+-------------------------------------------
     0 | D:1      | nomophobia the Kobold Hunter began the quest for the Orb.
     0 | D:1      | Reached XP level 1. HP: 12/12 MP: 1/1
   111 | D:1      | Reached skill level 5 in Crossbows
   184 | D:1      | Reached XP level 2. HP: 17/17 MP: 2/2
   560 | D:1      | Reached XP level 3. HP: 21/21 MP: 3/3
  1166 | D:2      | Noticed Sigmund
  1184 | D:2      | Killed Sigmund
  1185 | D:2      | Reached skill level 6 in Crossbows
  1185 | D:2      | Reached XP level 4. HP: 22/27 MP: 4/4
  1185 | D:2      | Reached XP level 5. HP: 25/31 MP: 5/5
  1185 | D:2      | Reached XP level 6. HP: 30/36 MP: 6/6
  1601 | D:2      | Found an opulent altar of Gozag.
  1606 | D:2      | Became a worshipper of Gozag Ym Sagoz the Greedy
  1886 | D:3      | Reached skill level 1 in Armour
  1897 | D:3      | HP: 1/36 [poisoned by an adder]
  1899 | D:3      | Succumbed to an adder's poison

Illustrated notes

Levels and vault maps discovered:
D:1:      kennysheep_arrival_forest, layout_loops_ring
D:2:      layout_basic, lemuel_coloured_pillars_altar, serial_forest,
          infiniplex_forest_zigzag_2, infiniplex_forest_clump_tiny,
          infiniplex_forest_clump_tiny, infiniplex_forest_straight_4,
          infiniplex_forest_lined_room_, infiniplex_forest_clump_small,
          infiniplex_forest_lined_room_, infiniplex_forest_lined_1,
          serial_bayou_pond_a, uniq_sigmund
D:3:      layout_rooms, general_overflow_altar, old_standard_altar,
          marbit_many_paths, lemuel_doored_altar,
          chequers_ecumenical_altar_island

Skill      XL: |  1  2  3  4  5  6 |
---------------+-------------------+-----
Crossbows      | 5 6 |  6.6
Stealth        | 3 |  3.4
Short Blades   | 2 |  2.4
Armour         | 1 |  1.1
Fighting       | |  2.7
Dodging        | |  2.8

Action                   |  1- 3 |  4- 6 || total
-------------------------+-------+-------++-------
Melee: Short sword       |    53 |    54 ||   107
 Fire: Hand crossbow     |    33 |     4 ||    37
Throw: Dart              |       |     2 ||     2
  Use: Potion            |       |     1 ||     1
 Stab: Sleeping          |       |     1 ||     1
Armor: Leather armour    |     9 |    10 ||    19
Dodge: Dodged            |    50 |    47 ||    97
